 Dungeon Crawl Stone Soup version 0.31-a0-986-g5e6e4ef867 (webtiles) character file.

Game seed: 11226035220295421177

71 FakeRyeBread the Shield-Bearer (level 4, -3/29 HPs)
             Began as a Gargoyle Fighter on Nov 8, 2023.
             Slain by Sigmund
             ... wielding a +0 scythe
              (10 damage)
             ... on level 2 of the Dungeon.
             The game lasted 00:03:23 (1536 turns).

FakeRyeBread the Shield-Bearer (Gargoyle Fighter)   Turns: 1536, Time: 00:03:23

Health: -3/29      AC: 10    Str: 21    XL:     4   Next: 24%
Magic:  4/4        EV:  9    Int:  9    God:
Gold:   37         SH:  4    Dex:  9    Spells: 3/3 levels left

rFire   . . .        a - +0 flail
rCold   . . .        c - +0 buckler
rNeg    + . .        b - +0 scale mail
rPois   ∞            (no helmet)
rElec   +            (no cloak)
rCorr   .            (no gloves)
SInv    .            (no boots)
Will    .....        (no amulet) Stlth
                     (no ring)
HPRegen 0.24/turn    (no ring)
MPRegen 0.09/turn

%: no passive effects
@: mighty
A: sickness immunity, AC +3, negative energy resistance 1, electricity
resistance, torment resistance 1, petrification resistance
a: no special abilities


You were on level 2 of the Dungeon.
You visited 1 branch of the dungeon, and saw 2 of its levels.

You collected 37 gold pieces.

Inventory:

Hand Weapons
 a - a +0 flail (weapon)
Armour
 b - a +0 scale mail (worn)
 c - a +0 buckler (worn)
Jewellery
 e - a ring of magical power
 g - a ring of magical power
 l - an amulet of faith
Scrolls
 h - a scroll of teleportation {unknown}
 j - 2 scrolls of identify {unknown}
 m - a scroll of fear {unknown}
Potions
 f - a potion of brilliance {unknown}
 i - a potion of haste {unknown}
 k - a potion of curing {unknown}


   Skills:
 + Level 3.8 Fighting
 * Level 3.1 Maces & Flails
 + Level 3.8 Armour
 + Level 3.8 Shields


You had 3 spell levels left.
You didn't know any spells.
Your spell library contained the following spells:

 Spells                   Type           Power      Damage    Failure   Level
 Freeze                   Ice            0%         1d3       80%         1
 Frozen Ramparts          Ice            0%         1d1       99%         3
 Hailstorm                Conj/Ice       0%         3d3       99%         3
 Ozocubu's Armour         Ice            0%         N/A       99%         3
 Ozocubu's Refrigeration  Ice            0%         4d7       100%        7


Dungeon Overview and Level Annotations

Branches:
Dungeon (2/15)

Altars:

Annotations:
D:2 Sigmund


Innate Abilities, Weirdness & Mutations

You are immune to sickness and miasma.
Your stone body is resilient. (AC +3)
You are immune to poison.
You resist negative energy. (rN+)
You are resistant to electric shocks. (rElec)
You are resistant to unholy torment.
You are immune to petrification.


Message History

Sigmund the Dreaded comes into view.
He is wielding a +0 scythe.
Sigmund shouts!
Sigmund is nearby!
You feel very mighty all of a sudden.
A rat comes into view.
Sigmund points at you and mumbles some strange words.
You are confused.
Sigmund barely misses you.
You barely miss Sigmund. Sigmund hits you but does no damage.
You closely miss Sigmund. Sigmund hits you with a +0 scythe!
You're too confused to move!
The rat bites you but does no damage. Sigmund hits you with a +0 scythe.
You're too confused to move!
You feel less confused. The rat bites you but does no damage.
You thump Sigmund!
Sigmund is moderately wounded.
Sigmund hits you with a +0 scythe. The rat bites you but does no damage.
You block the rat's attack.
You barely miss Sigmund.
Sigmund is moderately wounded.
Sigmund hits you but does no damage. The rat barely misses you.
You closely miss Sigmund.
Sigmund is moderately wounded.
Sigmund hits you with a +0 scythe. The rat bites you.
You closely miss Sigmund.
Sigmund is moderately wounded.
The rat bites you but does no damage.
Sigmund points at you and mumbles some strange words.
The magic dart hits you.
* * * LOW HITPOINT WARNING * * *
You barely miss Sigmund.
Sigmund is moderately wounded.
The rat barely misses you.
Sigmund gestures wildly while chanting.
Sigmund flickers and vanishes!
Deactivating autopickup; reactivate with Ctrl-A.
The rat bites you but does no damage.
You miss something. Something hits you!
You die...

#### ...######## #####
...##.....# .....
...##.....# #######.....
..........# #...........
..........###...........
...........##.........#.
...........##†..@.......
................r{......
........................
........................
........................
............#...........
##........###.#####.....
# ....... #.# ..... #
....... #.# .....


You could see a rat.

Vanquished Creatures
  A gnoll (D:1)
  A worm (D:2)
  A dart slug (D:1)
  7 ball pythons
  6 endoplasms
  A giant cockroach (D:1)
  5 goblins
  7 hobgoblins
  3 jackals (D:1)
  3 quokkas
  3 bats (D:1)
  3 frilled lizards
  5 kobolds
  4 rats
50 creatures vanquished.

Notes
Turn   | Place    | Note
-------+----------+-------------------------------------------
     0 | D:1      | FakeRyeBread the Gargoyle Fighter began the quest for the
                  | Orb.
     0 | D:1      | Reached XP level 1. HP: 14/14 MP: 1/1
   241 | D:1      | Reached XP level 2. HP: 18/19 MP: 2/2
   534 | D:1      | Reached XP level 3. HP: 23/23 MP: 3/3
  1153 | D:2      | Identified the "Duer"
  1166 | D:2      | Reached XP level 4. HP: 29/29 MP: 4/4
  1520 | D:2      | Noticed Sigmund
  1536 | D:2      | Slain by Sigmund

Illustrated notes

Levels and vault maps discovered:
D:1:      dpeg_arrival_shelter, layout_basic, serial_bayou, serial_bayou_pond_d,
          serial_bayou_pond_d, serial_bayou_shore_b, serial_bayou_pond_b,
          serial_bayou_pond_a, serial_bayou_shore_b
D:2:      layout_basic, corner_web_ring, minivault_19, uniq_sigmund

Skill      XL: |  1  2  3 |
---------------+----------+-----
Maces & Flails | 3 |  3.1
Fighting       | |  3.8
Armour         | |  3.8
Shields        | |  3.8

Action                     |  1- 3 |  4- 6 || total
---------------------------+-------+-------++-------
  Melee: Flail             |   145 |    58 ||   203
    Use: Potion            |       |     1 ||     1
 Armour: Scale mail        |   102 |    65 ||   167
  Dodge: Dodged            |   100 |    24 ||   124
  Block: Buckler           |    37 |    11 ||    48

Table legend: (Time is in decaauts)
 A = Elapsed time spent in this place.
 B = Non-inter-level travel time spent in this place.
 C = Inter-level travel time spent in this place.
 D = Time resting spent in this place.
 E = Time spent auto-exploring this place.
 F = Levels seen in this place.
 G = Mean time per level.
                   A        B        C        D        E       F      G
               +--------+--------+--------+--------+--------+-----+--------+
         Total |   1610 |   1581 |     29 |    128 |    922 |   2 |  805.0 |
       Dungeon |   1610 |   1581 |     29 |    128 |    922 |   2 |  805.0 |
               +--------+--------+--------+--------+--------+-----+--------+

Top non-repeatable levels by time:
     D:1: 1209 daAuts
     D:2: 400 daAuts
